 Dungeon Crawl Stone Soup version 0.18-b1-10-g3f7de93 (webtiles) character file.

415 syage the Covered (level 6, 0/49 HPs)
             Began as a Demonspawn Fighter on Apr 29, 2016.
             Slain by juanjsm's ghost (1 damage)
             ... on level 4 of the Dungeon.
             The game lasted 00:12:05 (3775 turns).

syage the Covered (Demonspawn Fighter)              Turns: 3775, Time: 00:12:07

Health: 0/49       AC: 11    Str: 23    XL:     6   Next: 60%
Magic:  6/6        EV:  8    Int: 12    God:
Gold:   137        SH:  0    Dex: 14    Spells: 0 memorised, 5 levels left

rFire  + + .     SeeInvis .     G - +1 battleaxe "Transmigrator" {freeze, rF+ Int+2 Dex+2} (curse)
rCold  . . .     Gourm    .     F - +0 plate armour
rNeg   . . .     Faith    .     (shield currently unavailable)
rPois  .         Spirit   .     (no helmet)
rElec  .         Dismiss  .     (no cloak)
rCorr  +         Reflect  .     r - +0 pair of gloves
SustAt .         Harm     .     (no boots)
MR     .....                    (no amulet)
Stlth  ..........               u - ring of resist corrosion
                                l - ring of protection from fire

@: mighty, lethally poisoned (0 -> -4), very heavily drained, not resistant to
hostile enchantments, extremely unstealthy
A: hooves 2, repulsion field 1, nightstalker 1, powered by pain 1
a: no special abilities


You were on level 4 of the Dungeon.
You were not hungry.

You visited 1 branch of the dungeon, and saw 4 of its levels.
You also visited: Sewer.

You collected 137 gold pieces.

Inventory:

Hand Weapons
 a - a +0 long sword
 E - a +0 blowgun
 G - the cursed +1 battleaxe "Transmigrator" (weapon) {freeze, rF+ Int+2 Dex+2}
   (You took it off a gnoll on level 4 of the Dungeon)

   It has been specially enchanted to freeze those struck by it, causing extra
   injury to most foes and up to half again as much damage against particularly
   susceptible opponents.
   It can also slow down cold-blooded creatures.
   It affects your intelligence (+2).
   It affects your dexterity (+2).
   It protects you from fire.
   It has a curse placed upon it.
Missiles
 D - 17 poisoned needles
Armour
 c - a +0 shield
 r - a +0 pair of gloves (worn)
 F - a +0 plate armour (worn)
Jewellery
 l - a ring of protection from fire (left hand)
 u - a ring of resist corrosion (right hand)
Wands
 t - a wand of lightning (8/15)
Scrolls
 b - a scroll of enchant armour {unknown}
 g - 3 scrolls of blinking
 h - 3 scrolls of immolation {unknown}
 i - 2 scrolls of fog {unknown}
 j - 4 scrolls of identify
 k - 3 scrolls of remove curse {unknown}
 q - a scroll of random uselessness {unknown}
 w - a scroll of magic mapping {unknown}
 y - a scroll of recharging {unknown}
 A - 2 scrolls of amnesia {unknown}
Potions
 e - 2 potions of cancellation {unknown}
 m - a potion of degeneration {unknown}
 n - 7 potions of curing
 p - 2 potions of lignification {unknown}
 s - 7 potions of heal wounds {unknown}
 v - 2 potions of flight {unknown}
 x - 2 potions of resistance {unknown}
 z - a potion of mutation {unknown}
 B - 2 potions of agility {unknown}
 C - a potion of brilliance {unknown}
Books
 H - an Akashic Record

   Spells                             Type                      Level
   a - Dispersal                      Translocation                6
   b - Malign Gateway                 Summoning/Translocation      7
   c - Disjunction                    Translocation                8
   d - Controlled Blink               Translocation                8
Comestibles
 f - 3 bread rations
 o - 2 meat rations


   Skills:
 + Level 4.6(1.6) Fighting
 - Level 3.4(0.5) Long Blades
 + Level 4.7(1.7) Armour
 - Level 1.6(0.0) Dodging
 - Level 0.2(0.0) Stealth
 - Level 2.6(0.0) Shields


You had 5 spell levels left.
You didn't know any spells.

Dungeon Overview and Level Annotations

Branches:
Dungeon (4/15)
 Temple: D:4-7

Altars:
Ashenzari
Nemelex Xobeh

Annotations:
D:4 juanjsm's ghost, amateur SpVM


Innate Abilities, Weirdness & Mutations

You have hoof-like feet.
You are surrounded by a mild repulsion field (EV +2).
You are slightly more attuned to the shadows.
You sometimes gain a little power by taking damage.


Message History

The sting hits you!
You are more poisoned.
You miss juanjsm's ghost.
You feel sick.
Juanjsm's ghost hits you but does no damage.
You feel drained.
Juanjsm's ghost points at you and mumbles some strange words.
The sting misses you.
Your plate armour prevents you from hitting juanjsm's ghost.
Your kick misses juanjsm's ghost.
You feel sick.
Juanjsm's ghost hits you but does no damage.
You feel drained.
Juanjsm's ghost hits you but does no damage.
You feel drained.
You miss juanjsm's ghost. Your kick misses juanjsm's ghost.
You feel sick. Juanjsm's ghost hits you.
* * * LOW HITPOINT WARNING * * *
You feel drained. Juanjsm's ghost hits you.
* * * LOW HITPOINT WARNING * * *
You feel drained.
You die...

#......#.. ......#.
##### #.....' . ##...##
##..... .. #.....#
#.....# ... #.....#
#.....##.... #.....#
#....W'.....
##.).###########@##....
##.........###...##. ..
......#..........'.....
......#..........##....
......#...††.....# ...
......#..........# ..
......'..........# .
......#..........#
(.....#..........#


You could see juanjsm's ghost.

Vanquished Creatures
  2 big kobolds (Sewer)
  A hound (D:4)
  4 gnolls (D:4)
  5 adders
  3 river rats
  3 oozes
  An adder skeleton (D:4)
  3 worms
  A dart slug (D:1)
  A giant gecko (D:1)
  An orc (D:3)
  6 giant cockroaches
  4 hobgoblins (D:2)
  23 kobolds
  3 quokkas
  8 ball pythons
  7 bats
  11 giant newts
  10 goblins
  37 rats
134 creatures vanquished.

Notes
Turn   | Place    | Note
--------------------------------------------------------------
     0 | D:1      | syage the Demonspawn Fighter began the quest for the Orb.
     0 | D:1      | Reached XP level 1. HP: 18/18 MP: 1/1
   244 | D:1      | Gained mutation: You are surrounded by a mild repulsion field (EV +2). [demonic ancestry]
   244 | D:1      | Reached XP level 2. HP: 24/24 MP: 2/2
   654 | D:1      | Gained mutation: You are slightly more attuned to the shadows. [demonic ancestry]
   654 | D:1      | Reached XP level 3. HP: 29/29 MP: 3/3
  1507 | D:2      | Gained mutation: You sometimes gain a little power by taking damage. [demonic ancestry]
  1507 | D:2      | Reached XP level 4. HP: 30/37 MP: 4/4
  1901 | D:2      | Found a shattered altar of Ashenzari.
  2206 | D:3      | Found a glowing drain.
  2255 | Sewer    | Entered a sewer
  2406 | Sewer    | Noticed a big kobold
  2440 | Sewer    | Killed a big kobold
  2440 | Sewer    | Reached skill level 1 in Dodging
  2440 | Sewer    | Gained mutation: You have large cloven feet. [demonic ancestry]
  2440 | Sewer    | Reached XP level 5. HP: 21/42 MP: 5/5
  2868 | Sewer    | Gained mutation: You have hoof-like feet. [demonic ancestry]
  2868 | Sewer    | Reached XP level 6. HP: 44/49 MP: 6/6
  3156 | D:3      | Found a sparkling altar of Nemelex Xobeh.
  3501 | D:4      | Got a jewelled battleaxe {freeze}
  3508 | D:4      | Identified the cursed +1 battleaxe "Transmigrator" {freeze, rF+ Int+2 Dex+2} (You took it off a gnoll on level 4 of the Dungeon)
  3757 | D:4      | Noticed juanjsm's ghost (amateur SpVM)
  3775 | D:4      | HP: 1/49 [juanjsm's ghost (4)]
  3775 | D:4      | Slain by juanjsm's ghost

Skill      XL: |  1  2  3  4 |
---------------+-------------+-----
Armour         | 3 4 |  4.7
Long Blades    | 2 3 |  3.4
Fighting       | 4 |  4.6
Dodging        | 1 |  1.6
Stealth        | |  0.2
Shields        | |  2.6

Action                   |  1- 3 |  4- 6 || total
-------------------------+-------+-------++-------
Melee: Long sword        |   163 |   297 ||   460
       Kick              |       |    36 ||    36
       Battleaxe         |       |    24 ||    24
  Use: Potion            |       |     3 ||     3
       Scroll            |       |     2 ||     2
  Eat: Chunk             |     2 |     6 ||     8
       Meat ration       |       |     1 ||     1
Armor: Chain mail        |    86 |   195 ||   281
       Scale mail        |     6 |       ||     6
       Plate armour      |       |    67 ||    67
Dodge: Dodged            |    46 |   165 ||   211
Block: Shield            |    82 |   212 ||   294
